 Dungeon Crawl Stone Soup version 0.22-a0-266-g5fdf0d7 (console) character file.

2052 Duffy the Ogre Mage (level 9, -3/83 HPs)
             Began as an Ogre Fire Elementalist on Mar 8, 2018.
             Was an Initiate of Vehumet.
             Slain by Joseph
             ... wielding a +0 quarterstaff
              (15 damage)
             ... on level 8 of the Dungeon.
             The game lasted 00:12:39 (8749 turns).

Duffy the Ogre Mage (Ogre Fire Elementalist)        Turns: 8749, Time: 00:12:40

Health: -3/83      AC:  3    Str: 14    XL:     9   Next: 25%
Magic:  7/28       EV: 10    Int: 19    God:    Vehumet [......]
Gold:   315        SH:  0    Dex:  9    Spells: 9/22 levels left

rFire    + . .     SeeInvis .   m - +2 flail (crush)
rCold    . . .     Gourm    .   (no shield)
rNeg     . . .     Faith    .   a - +0 robe
rPois    .         Spirit   .   (helmet restricted)
rElec    .         Reflect  .   (no cloak)
rCorr    .         Harm     .   (gloves unavailable)
MR       +....                  (boots unavailable)
Stlth    +.........             s - amulet "Ovup" {+Rage rF+ MR+}
HPRegen  0.23/turn              t - ring of magical power
MPRegen  0.21/turn              (no ring)

@: no status effects
A: large, unfitting armour, tough skin 1
a: Renounce Religion, Evoke Berserk Rage


You were on level 8 of the Dungeon.
You worshipped Vehumet.
Vehumet was noncommittal.
You were not hungry.

You visited 1 branch of the dungeon, and saw 8 of its levels.

You collected 315 gold pieces.

Inventory:

Hand Weapons
 m - a +2 flail of crushing (weapon)
 p - a +0 blowgun
Missiles
 n - 2 tomahawks of dispersal (quivered)
 q - 6 poisoned needles
Armour
 a - a +0 robe (worn)
Jewellery
 s - the amulet "Ovup" (around neck) {+Rage rF+ MR+}
   (You found it on level 4 of the Dungeon)

   [amulet of rage]

   It protects you from fire.
   It affects your resistance to hostile enchantments.
   It lets you go berserk.
 t - a ring of magical power (left hand)
Wands
 w - a wand of iceblast (8)
 A - a wand of paralysis (12)
Scrolls
 f - 6 scrolls of teleportation
 h - 2 scrolls of amnesia
 i - 5 scrolls of remove curse
 k - a scroll of enchant weapon {unknown}
 o - 2 scrolls of fear {unknown}
 y - a scroll of blinking {unknown}
Potions
 b - 2 potions of cancellation
 d - 7 potions of curing
 e - a potion of might
 g - a potion of mutation {unknown}
 j - 2 potions of resistance {unknown}
 l - a potion of ambrosia
 r - a potion of brilliance {unknown}
 u - a potion of flight {unknown}
 v - 2 potions of lignification {unknown}
 x - a potion of haste {unknown}
 z - a potion of berserk rage {unknown}
Comestibles
 c - 16 rations


   Skills:
 + Level 3.3 Fighting
 - Level 1.7 Dodging
 - Level 1.4 Stealth
 - Level 7.3 Spellcasting
 - Level 6.3 Conjurations
 - Level 6.3 Fire Magic
 + Level 1.5 Evocations


You had 9 spell levels left.
You knew the following spells:

 Your Spells              Type           Power        Failure   Level  Hunger
a - Flame Tongue          Conj/Fire      ####.        1%          1    None
j - Sticky Flame          Conj/Fire      ####....     7%          4    ###....
k - Fireball              Conj/Fire      ####......   21%         5    #####..
l - Conjure Flame         Conj/Fire      ####....     2%          3    #......


Dungeon Overview and Level Annotations

Branches:
Dungeon (8/15)             Temple (0/1) D:7
   Lair: D:8-11

Altars:
Dithmenos
Elyvilon
Makhleb
Nemelex Xobeh
Okawaru
Ru
Sif Muna
Vehumet
Xom
Zin
The Shining One

Annotations:
D:4 Sigmund
D:8 Gastronok, Joseph


Innate Abilities, Weirdness & Mutations

You are too large for most types of armour.
You have tough skin. (AC +1)


Message History

Joseph is covered in liquid flames!
Joseph burns!
Joseph shouts, "You will never get the ORB!"
Joseph hits you with an uncursed quarterstaff!!
Cast which spell? (? or * to list)
Aiming: Sticky Flame (safe; 7% risk of failure)
Press: ? - help, Shift-Dir - straight line, f/p - Joseph
Aim: Joseph, wielding a quarterstaff and wearing a leather armour (heavily wounded, covered in liquid flames)
The sticky flame hits Joseph.
Joseph is severely wounded.
Joseph is covered in liquid flames!
Joseph burns!
Joseph hits you with an uncursed quarterstaff!
Cast which spell? (? or * to list)
Aiming: Sticky Flame (safe; 7% risk of failure)
Press: ? - help, Shift-Dir - straight line, f/p - Joseph
Aim: Joseph, wielding a quarterstaff and wearing a leather armour (severely wounded, covered in liquid flames)
The sticky flame hits Joseph.
Joseph is severely wounded.
Joseph is covered in liquid flames!
Joseph burns!
Joseph hits you with an uncursed quarterstaff!
You die...

##..##########'##
#.####### ##..#
#.......[# #.#
....###........# #.#
##...##........##
######.#
#.........>....###......#
#...##.....<....##.######
######.........###.#
#........####.#
####.....@@(..#
#####.###### #.# #@# #.#
.........# .##.#....#
###..# #..#


You could see Joseph (burning).

Vanquished Creatures
  Grinder (D:5)
  A hippogriff (D:7)
  A water moccasin (D:8)
  An ice beast (D:7)
  A sky beast (D:8)
  A necrophage (D:7)
  2 ogres
  The ghost of Duffy the Magician, an amateur NaWz (D:6)
  2 centaurs (D:7)
  A phantom (D:3)
  Blork the orc (D:5)
  A water moccasin skeleton (D:6)
  A killer bee (D:8)
  3 wights (D:6)
  A crimson imp (D:6)
  A jelly (D:7)
  2 orc wizards
  Ijyb (D:4)
  Natasha (thrice) (D:2)
  3 worker ants
  A killer bee zombie (D:8)
  A worker ant zombie (D:7)
  4 gnolls (D:6)
  5 adders
  2 shadow imps
  An adder skeleton (D:4)
  2 worms
  A dart slug (D:1)
  6 leopard geckos
  12 orcs
  A ball python (D:3)
  6 bats
  6 giant cockroaches
  8 goblins
  8 hobgoblins
  5 jackals (D:4)
  4 quokkas
  11 frilled lizards
  6 kobolds
  2 quokka zombies
  9 rats
130 creatures vanquished.

Vanquished Creatures (others)
  A quokka (D:7)
1 creature vanquished.

Grand Total: 131 creatures vanquished

Notes
Turn   | Place    | Note
-------+----------+-------------------------------------------
     0 | D:1      | Duffy the Ogre Fire Elementalist began the quest for the Orb.
     0 | D:1      | Reached XP level 1. HP: 16/16 MP: 3/3
    36 | D:1      | Reached skill level 1 in Conjurations
   240 | D:1      | Reached XP level 2. HP: 24/24 MP: 3/5
  1203 | D:2      | Reached XP level 3. HP: 31/31 MP: 4/6
  1245 | D:2      | Learned a level 3 spell: Conjure Flame
  1476 | D:2      | Noticed Natasha
  1483 | D:2      | Killed Natasha
  1483 | D:2      | Reached XP level 4. HP: 27/39 MP: 0/8
  1716 | D:2      | Noticed Natasha
  1722 | D:2      | Killed Natasha
  1722 | D:2      | Reached skill level 3 in Spellcasting
  1898 | D:1      | Learned a level 4 spell: Sticky Flame
  2223 | D:2      | Reached XP level 5. HP: 45/45 MP: 6/9
  2274 | D:2      | Found a sacrificial altar of Ru.
  2571 | D:2      | Noticed Natasha
  2582 | D:2      | Killed Natasha
  2751 | D:3      | Found a glowing golden altar of the Shining One.
  2955 | D:3      | Found a glowing golden altar of the Shining One.
  3108 | D:3      | Found a faded altar of an unknown god.
  3127 | D:3      | Found a burning altar of Makhleb.
  3787 | D:4      | Noticed a phantom
  4092 | D:4      | Reached XP level 6. HP: 37/53 MP: 1/11
  4278 | D:4      | Noticed Sigmund
  4337 | D:4      | Reached skill level 4 in Spellcasting
  4545 | D:4      | Got a twitching copper amulet
  4547 | D:4      | Identified the amulet "Ovup" {+Rage rF+ MR+} (You found it on level 4 of the Dungeon)
  4568 | D:4      | Noticed Ijyb
  4805 | D:3      | Killed a phantom
  4885 | D:4      | Killed Ijyb
  5159 | D:5      | Entered Level 5 of the Dungeon
  5256 | D:5      | Found a sparkling altar of Nemelex Xobeh.
  5314 | D:5      | Reached XP level 7. HP: 59/59 MP: 5/14
  5434 | D:5      | Learned a level 5 spell: Fireball
  5472 | D:5      | Noticed Grinder
  5474 | D:5      | Found a deep blue altar of Sif Muna.
  5497 | D:5      | Killed Grinder
  5497 | D:5      | Reached skill level 5 in Spellcasting
  6228 | D:6      | Reached skill level 5 in Conjurations
  6228 | D:6      | Reached skill level 5 in Fire Magic
  6305 | D:6      | Reached XP level 8. HP: 67/67 MP: 13/16
  6306 | D:6      | Noticed Blork the orc
  6328 | D:5      | Killed Blork the orc
  6576 | D:6      | Noticed Duffy's ghost (amateur NaWz)
  6677 | D:6      | Killed Duffy's ghost
  6677 | D:6      | Reached skill level 6 in Spellcasting
  6770 | D:6      | Noticed an angel
  6771 | D:6      | Found a glowing silver altar of Zin.
  6771 | D:6      | Found a shimmering altar of Xom.
  6815 | D:6      | Identified Sif Muna's Tome of Bewitchment and Displacement
  7084 | D:6      | Found a radiant altar of Vehumet.
  7096 | D:6      | Became a worshipper of Vehumet
  7230 | D:6      | Found an iron altar of Okawaru.
  7256 | D:6      | Noticed a manticore
  7389 | D:7      | Noticed a hippogriff
  7397 | D:7      | Killed a hippogriff
  7555 | D:7      | Reached skill level 7 in Spellcasting
  7748 | D:7      | Reached skill level 1 in Fighting
  7748 | D:7      | Reached XP level 9. HP: 51/76 MP: 19/19
  8014 | D:7      | Found a staircase to the Ecumenical Temple.
  8113 | D:7      | Found a shadowy altar of Dithmenos.
  8156 | D:7      | Found a white marble altar of Elyvilon.
  8297 | D:8      | Noticed Joseph
  8435 | D:8      | Reached skill level 1 in Evocations
  8613 | D:8      | Noticed Gastronok
  8749 | D:8      | Slain by Joseph

Vault maps used:
D:1:      onia_arrival_mini_spirals
D:2:      nicolae_ru_the_path_less_chosen, uniq_natasha
D:3:      nicolae_overflow_crystal_walls, tso_oasis_becter,
          chequers_ecumenical_altar_simple_redux, minivault_23, tso_altar
D:4:      corexii_item_surrounded_by_moat, feat_on_display, uniq_sigmund,
          uniq_ijyb, uniq_pikel
D:5:      tgw_sif, first_ration, minmay_holes, nemelex_diamond_rough_becter,
          uniq_grinder
D:6:      grunt_temple_overflow_order_and_chaos_1, okawaru_ov_weapons_minmay,
          lemuel_doored_altar, minmay_checkerbox, uniq_blork_the_orc
D:7:      grunt_dithmenos_smoke_and_mirrors, elyvilon_altar_4,
          minmay_temple_entry_large_hall
D:8:      minmay_misc_feat_pillars, david_nohive_1, uniq_joseph, uniq_gastronok

Skill      XL: |  1  2  3  4  5  6  7  8  9 |
---------------+----------------------------+-----
Conjurations   | 1 2 3 4 5 6 |  6.3
Fire Magic     | 3 4 5 6 |  6.3
Spellcasting   | 3 4 5 7 |  7.3
Fighting       | 1 3 |  3.3
Evocations     | 1 |  1.5
Dodging        | |  1.7
Stealth        | |  1.4

Action                   |  1- 3 |  4- 6 |  7- 9 || total
-------------------------+-------+-------+-------++-------
Melee: Flail             |       |    23 |    19 ||    42
 Cast: Flame Tongue      |    50 |   118 |   110 ||   278
       Sticky Flame      |       |     2 |    16 ||    18
       Conjure Flame     |       |     1 |     9 ||    10
Evoke: Wand              |       |       |     5 ||     5
  Use: Scroll            |       |     5 |     2 ||     7
  Eat: Chunk             |     2 |     9 |     7 ||    18
       Ration            |       |     1 |     2 ||     3
Armor: Robe              |     4 |    21 |     9 ||    34
Dodge: Dodged            |    14 |    50 |    39 ||   103

Table legend:
 A = Spawn XP
 B = Non-spawn XP
 C = Spawn XP percentage of total XP
 D = Spawn monster count
 E = Non-spawn monster count
 F = Spawn count percentage of total count
 G = Total turns spent on level
                    A         B        C        D         E        F      G
               +---------+---------+-------+---------+---------+-------+---------
         Total |       0 |    2932 |   0.0 |       0 |     130 |   0.0 |  8749
               +---------+---------+-------+---------+---------+-------+---------
           D:1 |       0 |      31 |   0.0 |       0 |      18 |   0.0 |  1099
           D:2 |       0 |     178 |   0.0 |       0 |      25 |   0.0 |  1645
           D:3 |       0 |     198 |   0.0 |       0 |      22 |   0.0 |  1317
           D:4 |       0 |     145 |   0.0 |       0 |      24 |   0.0 |  1098
           D:5 |       0 |     562 |   0.0 |       0 |       9 |   0.0 |  1289
           D:6 |       0 |     607 |   0.0 |       0 |      16 |   0.0 |   882
           D:7 |       0 |     839 |   0.0 |       0 |      10 |   0.0 |   865
           D:8 |       0 |     372 |   0.0 |       0 |       6 |   0.0 |   554
               +---------+---------+-------+---------+---------+-------+---------
